 Dungeon Sprint DCSS version 0.30-a0-672-gc3a7216ad8 (webtiles) character file.

Game seed: 143509510125715940

0 dduke234 the Trooper (level 2, 0/30 HPs)
             Began as a Minotaur Monk on Jan 18, 2023.
             Slain by an adder (1 damage)
             ... in the Dungeon (Sprint VI: "Thunderdome").
             The game lasted 00:00:46 (97 turns).

dduke234 the Trooper (Minotaur Monk)                  Turns: 97, Time: 00:00:47

Health: 0/30       AC:  2    Str: 15    XL:     2   Next: 86%
Magic:  1/1        EV: 12    Int:  7    God:
Gold:   200        SH:  0    Dex: 12    Spells: 1/1 levels left

rFire   . . .      SeeInvis .    a - +0 spear
rCold   . . .      Faith    .    (no shield)
rNeg    . . .      Spirit   .    b - +0 robe
rPois   .          Reflect  .    (helmet restricted)
rElec   .          Harm     .    (no cloak)
rCorr   .          Rampage  .    (no gloves)
Will    .....      NoTele   +    (no boots)
Stlth   ++                       (no amulet)
HPRegen 0.25/turn                (no ring)
MPRegen 0.07/turn                (no ring)

@: lethally poisoned (0 -> -51)
A: horns 2, retaliatory headbutt
a: no special abilities


You were in the Dungeon.
You visited 1 branch You collected 200 gold pieces.

Inventory:

Hand Weapons
 a - a +0 spear (weapon)
Armour
 b - a +0 robe (worn)
Wands
 k - a wand of acid (5)
 l - a wand of roots (5)
Scrolls
 i - 4 scrolls of blinking
 m - 3 scrolls of fog
Potions
 c - a potion of ambrosia
 e - a potion of heal wounds
 f - 4 potions of haste
 g - 2 potions of magic
 h - a potion of berserk rage
 j - a potion of resistance


   Skills:
 * Level 5.8 Fighting
 * Level 5.7 Polearms
 * Level 2.4 Armour
 - Level 3.2 Dodging
 - Level 1.5 Stealth


You had one spell level left.
You didn't know any spells.
Your spell library was empty.

Dungeon Overview and Level Annotations

Branches:
Dungeon (1/1)

Altars:
Dithmenos
Gozag
Kikubaaqudgha
Okawaru
Sif Muna
Trog
Uskayaw
Xom
Zin
The Shining One
Lugonu

Shops:
D *[???:(

Annotations:
D Terence


Innate Abilities, Weirdness & Mutations

You have a pair of horns on your head.
You reflexively headbutt those who attack you in melee.


Message History

The grasping roots grab you!
Terence is unaffected.
The adder is unaffected.
The grasping roots constrict you.
* * * LOW HITPOINT WARNING * * *
You feel much better.
You feel extremely sick. The adder bites you. Terence closely misses you.
The grasping roots constrict you.
You hit Terence.
Terence is heavily wounded.
You feel very sick. The adder bites you but does no damage.
The grasping roots release their grip on you.
You hit Terence.
Terence is heavily wounded.
* * * LOW HITPOINT WARNING * * *
You feel very sick. The adder bites you but does no damage.
Terence hits you with a +0 hand axe of venom.
* * * LOW HITPOINT WARNING * * *
You are more poisoned.
You feel much better.
You feel extremely sick. The adder bites you.
You are more poisoned.
The adder poisons you!
Terence hits you with a +0 hand axe of venom.
You are more poisoned.
The adder closely misses you. You furiously retaliate!
You headbutt the adder, but do no damage.
You closely miss Terence.
Terence is heavily wounded.
* * * LOW HITPOINT WARNING * * *
You feel extremely sick.
Terence asks, "Do you want it fast or slow?"
Terence hits you with a +0 hand axe of venom!
* * * LOW HITPOINT WARNING * * *
You are more poisoned.
The adder bites you.
You die...

#_......._#
###.........###
#⌠...........⌠#
######.8.........8.##
##..__......###......_
###∩........8.# #.8.....
#.............###.......
⌠......@...###...###....
⌠......@...# #.<.# ....
⌠.......S..# #...# ....
#.............###.......
###∩........8.# .8.....
##∩_........# ......
######.8..... ...8.#
#⌠...... ....⌠# ###.....
.###


You could see Terence and an adder.

Vanquished Creatures
  Jessica (D)
1 creature vanquished.

Notes
Turn   | Place    | Note
-------+----------+-------------------------------------------
     0 | D        | dduke234 the Minotaur Monk began the quest for the Orb.
     0 | D        | Reached XP level 1. HP: 19/19 MP: 0/0
     3 | D        | Found a corrupted altar of Lugonu.
     3 | D        | Found a glowing golden altar of the Shining One.
     4 | D        | Found an opulent altar of Gozag.
     5 | D        | Found a shadowy altar of Dithmenos.
     5 | D        | Found a bloodstained altar of Trog.
     5 | D        | Round 1.
     6 | D        | Found a shimmering blue altar of Sif Muna.
     6 | D        | Found a hide-covered altar of Uskayaw.
     6 | D        | Found Gietz's Staff Store.
     6 | D        | Found Webeebo's Magic Scroll Shop.
     7 | D        | Found a glowing silver altar of Zin.
     7 | D        | Found Lodo's Must-Have Magic.
     7 | D        | Found Buroil's Magic Scroll Shop.
     9 | D        | Noticed Jessica
    17 | D        | Killed Jessica
    18 | D        | Reached skill level 5 in Fighting
    18 | D        | Reached skill level 5 in Polearms
    18 | D        | Reached XP level 2. HP: 20/30 MP: 1/1
    68 | D        | Found an ancient bone altar of Kikubaaqudgha.
    69 | D        | Found a shimmering altar of Xom.
    73 | D        | Found Jompoock's Jewellery.
    73 | D        | Found Uhutiar's Advanced Armour.
    74 | D        | Found an iron altar of Okawaru.
    74 | D        | Found Burez's Identification Station.
    74 | D        | Noticed Terence
    92 | D        | HP: 1/30 [constriction (6)]
    97 | D        | HP: 1/30 [Terence/+0 hand axe of venom (8)]
    97 | D        | Slain by an adder

Illustrated notes

Levels and vault maps discovered:
D:        arena_sprint

Skill      XL: |  1 |
---------------+----+-----
Fighting       | 5 |  5.8
Polearms       | 5 |  5.7
Armour         | 2 |  2.4
Dodging        | |  3.2
Stealth        | |  1.5

Action                   || total
-------------------------++-------
Melee: Spear             ||    18
       Headbutt          ||     2
  Use: Potion            ||     4
Armor: Robe              ||     3
Dodge: Dodged            ||     6

Table legend: (Time is in decaauts)
 A = Elapsed time spent in this place.
 B = Non-inter-level travel time spent in this place.
 C = Inter-level travel time spent in this place.
 D = Time resting spent in this place.
 E = Time spent auto-exploring this place.
 F = Levels seen in this place.
 G = Mean time per level.
                   A        B        C        D        E       F      G
               +--------+--------+--------+--------+--------+-----+--------+
         Total |     94 |     94 |      0 |      0 |     41 |   1 |   94.0 |
       Dungeon |     94 |     94 |      0 |      0 |     41 |   1 |   94.0 |
               +--------+--------+--------+--------+--------+-----+--------+

Top non-repeatable levels by time:
       D: 94 daAuts
